 Dungeon Crawl Stone Soup version 0.17-a0-1105-gbe8b664 (webtiles) character file.

22 Hanyuu the Insei (level 2, 0/18 HPs)
             Began as an Octopode Transmuter on May 22, 2015.
             Slain by a jackal (2 damage)
             ... on level 1 of the Dungeon.
             The game lasted 00:01:17 (780 turns).

Hanyuu the Insei (Octopode Transmuter)               Turns: 780, Time: 00:01:17

Health: 0/18       AC:  1    Str:  9    XL:     2   Next: 91%
Magic:  5/5        EV: 12    Int: 15    God:
Gold:   32         SH:  0    Dex: 12    Spells: 2 memorised, 2 levels left

rFire  . . .     SeeInvis .       - Unarmed
rCold  . . .     Clarity  .     (no shield)
rNeg   . . .     SustAb   .     (helmet restricted)
rPois  .         Gourm    .     (no amulet)
rElec  .         Spirit   .     (no ring)
rCorr  .         Warding  .     (no ring)
rMut   .         Stasis   .     (no ring)
MR     .....                    (no ring)
Stlth  ++........               (no ring)
                                (no ring)
                                (no ring)
                                (no ring)

@: appendage (expiring), not resistant to hostile enchantments, unstealthy
A: almost no armour, amphibious, 8 rings, constrict 8, tentacle spike 3,
camouflage 1, gelatinous body 1
a: End Transformation


You were on level 1 of the Dungeon.
You were not hungry.
One of your tentacles had a temporary spike.
You visited 1 branch of the dungeon, and saw 1 of its levels.

You collected 32 gold pieces.

Inventory:

Missiles
 a - 12 arrows
Scrolls
 e - a scroll of magic mapping {unknown}
 h - a scroll of identify {unknown}
Potions
 d - 2 potions of brilliance {unknown}
 f - a potion of curing {unknown}
Books
 b - a book of Changes

   Spells                             Type                      Level
   a - Beastly Appendage              Transmutation                1
   b - Sticks to Snakes               Transmutation                2
   c - Spider Form                    Transmutation/Poison         3
   d - Ice Form                       Ice/Transmutation            4
   e - Blade Hands                    Transmutation                5
Comestibles
 c - a bread ration
 g - 3 chunks of flesh


   Skills:
 - Level 1.0 Fighting
 - Level 2.0 Dodging
 + Level 4.0 Unarmed Combat
 - Level 2.0 Spellcasting
 - Level 2.0 Transmutations


You had 2 spell levels left.
You knew the following spells:

 Your Spells              Type           Power        Failure   Level  Hunger
a - Beastly Appendage     Trmt           #.....       12%         1    #......
b - Sticks to Snakes      Trmt           #.........   14%         2    ###....


Dungeon Overview and Level Annotations

Branches:
Dungeon (1/15)

Altars:


Innate Abilities, Weirdness & Mutations

You cannot wear most types of armour.
You are amphibious.
You can wear up to eight rings at the same time.
You can use your tentacles to constrict eight enemies at once.
Your skin changes colour to match your surroundings (Stealth).
Your rubbery body absorbs attacks (AC +1).
One of your tentacles bears a large vicious spike.


Message History

Your Unarmed Combat skill increases to level 4!
You closely miss the jackal. You grab the jackal.
You constrict the jackal, but do no damage.
The jackal bites you.
* * * LOW HITPOINT WARNING * * *
The jackal closely misses you.
You tentacle-slap the jackal.
The jackal is moderately wounded.
You constrict the jackal, but do no damage.
The jackal barely misses you.
You tentacle-slap the jackal.
The jackal is almost dead.
You constrict the jackal.
You kill the jackal!
You tentacle-slap the jackal. You grab the jackal.
You pierce the jackal, but do no damage.
The jackal is heavily wounded.
You constrict the jackal, but do no damage.
The jackal bites you.
You die...

#.....)..#
#........############
#......... .........#
#........# ###.####.#
#........# #........#######
#........# #.##.##.........
#....†...###.#...#.##.##...
#...)....h@........#...#...
#######.####.#...#.........
#.# ##.##.#..#...#... ###
#.........#.##...
##############.##.#...........
#...........##.#...#..#.##....
#...........#....)...#...#....
#...........'..#...#..........
#...........#..##.##.#...#....


You could see a jackal.

Vanquished Creatures
  An ooze (D:1)
  A ball python (D:1)
  2 giant cockroaches (D:1)
  2 hobgoblins (D:1)
  3 jackals (D:1)
  2 bats (D:1)
  2 giant newts (D:1)
  A goblin (D:1)
  2 kobolds (D:1)
  2 rats (D:1)
18 creatures vanquished.

Notes
Turn   | Place    | Note
--------------------------------------------------------------
     0 | D:1      | Hanyuu the Octopode Transmuter began the quest for the Orb.
     0 | D:1      | Reached XP level 1. HP: 13/13 MP: 3/3
   214 | D:1      | Reached XP level 2. HP: 5/18 MP: 5/5
   218 | D:1      | Learned a level 2 spell: Sticks to Snakes
   776 | D:1      | Reached skill level 4 in Unarmed Combat
   780 | D:1      | Slain by a jackal

Vault maps used:
D:1:      wheals_arrival_linesprint, hangedman_decor_clover_reticule

Action                   || total
-------------------------++-------
Melee: Unarmed           ||    49
 Cast: Beastly Appendage ||     1
 Stab: Sleeping          ||     1
